 Dungeon Crawl Stone Soup version 0.30.1-9-gdf580d7c3d (webtiles) character file.

Game seed: 14106513338673249079

1465 boopmooplesden the Covered (level 8, -3/70 HPs)
             Began as a Minotaur Fighter on Oct 15, 2023.
             Slain by Edmund
             ... wielding a +2 flail of venom
              (11 damage)
             ... on level 6 of the Dungeon.
             The game lasted 00:07:02 (3662 turns).

boopmooplesden the Covered (Minotaur Fighter)       Turns: 3662, Time: 00:07:02

Health: -3/70      AC:  7    Str: 24    XL:     8   Next: 48%
Magic:  7/7        EV: 10    Int:  5    God:
Gold:   231        SH:  5    Dex:  9    Spells: 7/7 levels left

rFire   . . .        s - +6 club (venom)
rCold   . . .        c - +0 buckler
rNeg    . . .        b - +0 scale mail
rPois   .            (helmet restricted)
rElec   .            (no cloak)
rCorr   .            (no gloves)
SInv    .            (no boots)
Will    .....        m - amulet of the acrobat Stlth
                     (no ring)
HPRegen 0.31/turn    (no ring)
MPRegen 0.10/turn

%: acrobat
@: lethally poisoned (-3 -> -22)
A: horns 2, retaliatory headbutt
a: no special abilities


You were on level 6 of the Dungeon.
You visited 1 branch of the dungeon, and saw 6 of its levels.

You collected 231 gold pieces.

Inventory:

Hand Weapons
 a - a +0 war axe
 s - a +6 club of venom (weapon)
Missiles
 n - a throwing net (quivered)
Armour
 b - a +0 scale mail (worn)
 c - a +0 buckler (worn)
Jewellery
 m - an amulet of the acrobat (around neck)
 t - an amulet of reflection
Wands
 l - a wand of flame (52)
 r - a wand of iceblast (4)
Scrolls
 f - 2 scrolls of vulnerability
 q - a scroll of teleportation
 u - 3 scrolls of identify
 w - a scroll of fear
Potions
 d - 2 potions of lignification {unknown}
 e - 5 potions of mutation
 g - 2 potions of heal wounds {unknown}
 h - a potion of berserk rage {unknown}
 i - 3 potions of brilliance {unknown}
 k - a potion of ambrosia {unknown}
 o - a potion of degeneration {unknown}
 p - a potion of haste {unknown}
 v - a potion of cancellation {unknown}
 x - a potion of attraction {unknown}


   Skills:
 + Level 6.2 Fighting
 + Level 6.8(7.2) Axes
 + Level 3.5(5.6) Maces & Flails
 + Level 7.1 Armour
 + Level 3.4 Dodging
 + Level 1.5 Stealth
 + Level 5.5 Shields


You had 7 spell levels left.
You didn't know any spells.
Your spell library contained the following spells:

 Spells                   Type           Power      Damage    Failure   Level
 Beastly Appendage        Tmut           0%         N/A       80%         1
 Sting                    Tmut/Pois      0%         1d3       80%         1
 Poisonous Vapours        Pois/Air       0%         N/A       91%         2
 Wereblood                Tmut           0%         N/A       91%         2
 Frozen Ramparts          Ice            0%         1d1       99%         3
 Inner Flame              Hex/Fire       0%         N/A       99%         3
 Spider Form              Tmut/Pois      0%         N/A       99%         3
 Animate Dead             Necr           0%         N/A       100%        4
 Ice Form                 Ice/Tmut       0%         N/A       100%        4
 Olgreb's Toxic Radiance  Pois           0%         N/A       100%        4
 Summon Ice Beast         Ice/Summ       0%         N/A       100%        4
 Alistair's Intoxication  Tmut/Pois      0%         N/A       100%        5
 Borgnjor's Vile Clutch   Necr/Erth      0%         N/A       100%        5
 Yara's Violent Unravell  Hex/Tmut       0%         3d3       100%        5
 Death Channel            Necr           0%         N/A       100%        6
 Eringya's Noxious Bog    Tmut/Pois      0%         N/A       100%        6
 Enfeeble                 Hex            0%         N/A       100%        7


Dungeon Overview and Level Annotations

Branches:
Dungeon (6/15)
 Temple: D:4-7

Altars:
Uskayaw

Shops:
D:1 *

Annotations:
D:6 Edmund


Innate Abilities, Weirdness & Mutations

You have a pair of horns on your head.
You reflexively headbutt those who attack you in melee.


Message History

You barely miss Edmund.
Edmund hits you with a +2 flail of venom.
You are poisoned.
You closely miss Edmund.
You feel very sick.
Edmund hits you with a +2 flail of venom.
You are more poisoned.
You closely miss Edmund. Your headbutt misses Edmund.
You feel extremely sick. You block Edmund's attack.
You hit Edmund but do no damage.
Edmund is poisoned.
Your headbutt misses Edmund.
You feel very sick.
Edmund hits you with a +2 flail of venom.
You barely miss Edmund.
Edmund is lightly wounded.
You feel very sick.
Edmund hits you with a +2 flail of venom!
You barely miss Edmund. Your headbutt misses Edmund.
Edmund is lightly wounded.
You feel very sick. Edmund closely misses you.
You sock Edmund!
Edmund looks as sick as possible!
Edmund is moderately wounded.
You feel very sick.
Edmund hits you with a +2 flail of venom!
* * * LOW HITPOINT WARNING * * *
You are lethally poisoned!
You hit Edmund. You headbutt Edmund, but do no damage.
Edmund is heavily wounded.
* * * LOW HITPOINT WARNING * * *
You feel very sick. Edmund hits you but does no damage.
You are more poisoned.
You hit Edmund but do no damage.
Edmund looks as sick as possible!
Edmund is heavily wounded.
* * * LOW HITPOINT WARNING * * *
You feel very sick.
Edmund hits you with a +2 flail of venom!
You die...

### #.# #.# #.# #
#.# .
.####.#####.####...#
.......<....@@.....#
####..#####.####...#
...) #.# # #### #..
#.## #.# #.. ###


You could see Edmund (extremely poisoned).

Vanquished Creatures
  Sigmund (D:2)
  2 ice beasts
  A sky beast (D:4)
  2 black bears
  An ogre (D:5)
  5 scorpions
  4 hounds
  2 gnoll boudas (D:5)
  An orc priest (D:4)
  Jessica (D:2)
  Ijyb (D:3)
  8 gnolls (D:5)
  7 adders
  An ufetubus (D:4)
  2 worms (D:2)
  A dart slug (D:1)
  15 orcs
  7 ball pythons
  8 bats
  8 endoplasms
  4 giant cockroaches
  5 goblins
  12 hobgoblins
  4 jackals (D:1)
  2 quokkas
  5 frilled lizards
  3 kobolds
  10 rats
123 creatures vanquished.

Notes
Turn   | Place    | Note
-------+----------+-------------------------------------------
     0 | D:1      | boopmooplesden the Minotaur Fighter began the quest for the
                  | Orb.
     0 | D:1      | Reached XP level 1. HP: 19/19 MP: 0/0
   189 | D:1      | Reached XP level 2. HP: 26/27 MP: 1/1
   259 | D:1      | Reached skill level 4 in Armour
   402 | D:1      | Reached XP level 3. HP: 33/33 MP: 2/2
   478 | D:1      | Found Huczozxa's General Store.
   788 | D:2      | Noticed Jessica
   794 | D:2      | Killed Jessica
   795 | D:2      | Reached XP level 4. HP: 37/41 MP: 3/3
   825 | D:2      | Found a hide-covered altar of Uskayaw.
  1035 | D:2      | Noticed Sigmund
  1058 | D:2      | Killed Sigmund
  1059 | D:2      | Reached skill level 5 in Axes
  1059 | D:2      | Reached skill level 1 in Dodging
  1059 | D:2      | Reached XP level 5. HP: 34/47 MP: 4/4
  1060 | D:2      | Reached skill level 5 in Fighting
  1060 | D:2      | Reached XP level 6. HP: 41/56 MP: 5/5
  1605 | D:3      | Noticed Ijyb
  1614 | D:3      | Killed Ijyb
  2024 | D:4      | Noticed an ice beast
  2032 | D:4      | Killed an ice beast
  2232 | D:4      | Reached skill level 5 in Armour
  2294 | D:4      | Reached XP level 7. HP: 61/61 MP: 6/6
  2452 | D:4      | Reached skill level 1 in Maces & Flails
  2553 | D:4      | Reached skill level 5 in Shields
  2795 | D:5      | Entered Level 5 of the Dungeon
  2830 | D:5      | Reached skill level 6 in Armour
  2830 | D:5      | Reached skill level 1 in Stealth
  2860 | D:5      | Reached XP level 8. HP: 25/70 MP: 7/7
  3302 | D:5      | Reached skill level 7 in Armour
  3650 | D:6      | Noticed Edmund
  3662 | D:6      | Slain by Edmund

Illustrated notes

Levels and vault maps discovered:
D:1:      nzn_arrival_water_spiral, layout_loops_ring, serial_shops, shop
D:2:      layout_rooms, basic_altar, uniq_jessica, uniq_sigmund
D:3:      layout_basic, uniq_ijyb
D:4:      minmay_inner_zag, layout_loops_ring, minmay_cut_off
D:5:      layout_cave_pools
D:6:      layout_basic, nicolae_dithmenos_through_a_glass_darkly,
          nicolae_uskayaw_en_pointe, serial_shops, nicolae_shop_dealshenge,
          serial_bayou_lagoon_a, uniq_edmund, uniq_crazy_yiuf_cottage,
          uniq_grinder

Skill      XL: |  1  2  3  4  5  6  7  8 |
---------------+-------------------------+-----
Fighting       | 4 5 6 |  6.2
Armour         | 4 5 6 7 |  7.1
Shields        | 4 5 |  5.5
Axes           | 3 5 6 |  6.8
Dodging        | 1 2 3 |  3.4
Maces & Flails | 2 3 |  3.5
Stealth        | 1 |  1.5

Action                     |  1- 3 |  4- 6 |  7- 9 || total
---------------------------+-------+-------+-------++-------
  Melee: War axe           |    70 |    59 |       ||   129
         Headbutt          |     7 |    15 |    18 ||    40
         Club              |       |    30 |   100 ||   130
    Use: Potion            |       |     1 |     4 ||     5
         Scroll            |       |     5 |     9 ||    14
 Armour: Scale mail        |    42 |    41 |    42 ||   125
  Dodge: Dodged            |    41 |    56 |    59 ||   156
  Block: Buckler           |    16 |    26 |    17 ||    59
